 Dungeon Crawl Stone Soup version 0.26-a0-579-g3afe4966bf (webtiles) character file.

Game seed: 1813758543812940211

41 Hores the Digger (level 3, -2/19 HPs)
             Began as a Gargoyle Earth Elementalist on Aug 23, 2020.
             Slain by a hobgoblin (6 damage)
             ... led by Robin
             ... on level 2 of the Dungeon.
             The game lasted 00:02:59 (1696 turns).

Hores the Digger (Gargoyle Earth Elementalist)      Turns: 1696, Time: 00:02:59

Health: -2/19      AC:  6    Str: 11    XL:     3   Next: 52%
Magic:  7/7        EV: 12    Int: 16    God:
Gold:   59         SH:  0    Dex: 10    Spells: 3/7 levels left

rFire    . . .     SeeInvis .   j - +2 whip (elec)
rCold    . . .     Faith    .   (no shield)
rNeg     + . .     Spirit   .   c - +0 robe
rPois    ∞         Reflect  .   (no helmet)
rElec    +         Harm     .   k - +0 cloak (curse)
rCorr    .                      (no gloves)
MR       .....                  (no boots)
Stlth    ++........             (no amulet)
HPRegen  0.06/turn              (no ring)
MPRegen  0.10/turn              (no ring)

@: mighty
A: negative energy resistance 1, electricity resistance, unbreathing,
petrification resistance, rot immunity, AC +3
a: no special abilities


You were on level 2 of the Dungeon.
You visited 1 branch of the dungeon, and saw 2 of its levels.

You collected 59 gold pieces.

Inventory:

Hand Weapons
 e - a +0 club
 j - a +2 whip of electrocution (weapon)
Missiles
 b - 114 stones (quivered)
Armour
 c - a +0 robe (worn)
 k - a cursed +0 cloak (worn)
Scrolls
 f - a scroll of identify {unknown}
 g - a scroll of random uselessness {unknown}
 h - a scroll of remove curse {unknown}
 i - a scroll of teleportation {unknown}
Potions
 a - a potion of might
 d - 2 potions of resistance {unknown}


   Skills:
 - Level 1.5 Dodging
 - Level 2.1 Stealth
 + Level 2.8 Spellcasting
 + Level 0.6 Conjurations
   Level 0.7 Transmutations
 + Level 4.5 Earth Magic


You had 3 spell levels left.
You knew the following spells:

 Your Spells              Type           Power        Failure   Level
a - Sandblast             Erth           ###...       3%          1
b - Stone Arrow           Conj/Erth      ##....       21%         3

Your spell library contained the following spells:

 Spells                   Type           Power        Failure   Level
 Passwall                 Tmut/Erth      ##......     10%         2
 Petrify                  Tmut/Erth      ##......     54%         4
 Lee's Rapid Deconstruct  Erth           ###.......   63%         5


Dungeon Overview and Level Annotations

Branches:
Dungeon (2/15)

Altars:

Annotations:
D:2 Robin


Innate Abilities, Weirdness & Mutations

You are resistant to torment.
Your stone body is resilient. (AC +3)
You are immune to poison.
You resist negative energy. (rN+)
You are resistant to electric shocks. (rElec)
You can survive without breathing.
You are immune to petrification.
You are immune to rotting.


Message History

A goblin comes into view. It is wielding a -2 club.
The goblin misses you.
The hobgoblin hits you but does no damage.
Found a cloak.
Robin throws the goblin at you!
You closely miss the goblin.
The goblin is severely wounded.
The goblin barely misses you. The goblin completely misses you.
The goblin hits you but does no damage. The hobgoblin closely misses you.
You hit the goblin.
You kill the goblin!
The hobgoblin hits you but does no damage.
Robin hits you from afar with a +4 vorpal spear.
* * * LOW HITPOINT WARNING * * *
x2 The goblin misses you.
The hobgoblin closely misses you. The goblin misses you.
Unknown command.
It was a potion of might.
You feel very mighty all of a sudden. The hobgoblin hits you.
You die...

..... #. ... ... .....
#....#.... .....
#.#..#.... .....
#.#...[..##...#....
#.#....###....##...
######.?......#....####.
#.....)............## ##
#.....g@g...........# #
......ggg...........####
......gg..(...........#
......................##
...gg.g#>.#.........#...
....g.g#.......###..####
......[#..##...........#
...........#............
......................#


You could see Robin, 3 hobgoblins and 8 goblins.

Vanquished Creatures
  An ooze (D:2)
  2 dart slugs
  A leopard gecko (D:1)
  5 bats
  2 giant cockroaches (D:1)
  3 goblins
  4 hobgoblins (D:1)
  2 kobolds
  A quokka (D:2)
  7 frilled lizards
  4 rats
32 creatures vanquished.

Notes
Turn   | Place    | Note
-------+----------+-------------------------------------------
     0 | D:1      | Hores the Gargoyle Earth Elementalist began the quest for
                  | the Orb.
     0 | D:1      | Reached XP level 1. HP: 10/10 MP: 3/3
   390 | D:1      | Reached XP level 2. HP: 11/15 MP: 5/5
   477 | D:1      | Reached skill level 4 in Earth Magic
  1004 | D:1      | Reached XP level 3. HP: 19/19 MP: 6/6
  1012 | D:1      | Learned a level 3 spell: Stone Arrow
  1687 | D:2      | Noticed Robin
  1696 | D:2      | Slain by a hobgoblin

Illustrated notes

Levels and vault maps discovered:
D:1:      dpeg_arrival_round_c, layout_loops_ring
D:2:      layout_rooms, overflow_temple_1_default, grunt_qazlal_sundering,
          uniq_robin, uniq_jessica

Skill      XL: |  1  2 |
---------------+-------+-----
Earth Magic    | 4 |  4.5
Dodging        | |  1.5
Stealth        | |  2.1
Spellcasting   | |  2.8
Conjurations   | |  0.6
Transmutations | |  0.7

Action                   || total
-------------------------++-------
Melee: Unarmed           ||    71
       Club              ||    49
       Whip              ||    21
 Cast: Sandblast         ||    14
  Use: Potion            ||     1
 Stab: Sleeping          ||     5
Armor: Robe              ||    65
Dodge: Dodged            ||   130

Table legend: (Time is in decaauts)
 A = Elapsed time spent in this place.
 B = Non-inter-level travel time spent in this place.
 C = Inter-level travel time spent in this place.
 D = Time resting spent in this place.
 E = Time spent auto-exploring this place.
 F = Levels seen in this place.
 G = Mean time per level.
                   A        B        C        D        E       F      G
               +--------+--------+--------+--------+--------+-----+--------+
         Total |   1711 |   1672 |     39 |    332 |   1019 |   2 |  855.5 |
       Dungeon |   1711 |   1672 |     39 |    332 |   1019 |   2 |  855.5 |
               +--------+--------+--------+--------+--------+-----+--------+

Top non-repeatable levels by time:
     D:1: 1342 daAuts
     D:2: 369 daAuts
